EL
TENNESSEE SMOKIES @ SAN JOSE GIANTS
08/29/2044
 
TOP OF THE 1ST
Tennessee Smokies batting - Pitching for San Jose Giants : LHP Chris Morales
Pitching: LHP Chris Morales
Batting: LHB Brent Dutcher 0-0: Called Strike
0-1: SINGLE (Groundball, 3S, EV 69.4 MPH) (infield hit)
Batting: RHB Adam Kelliher 0-0: Called Strike
0-1: Ball
1-1: Ball
2-1: SINGLE (Groundball, 6M, EV 91.3 MPH) (infield hit)
Brent Dutcher to second
Batting: RHB Heitaro Tanaka 0-0: Foul Ball, location: 2F
0-1: Grounds into double play, 5-4-3 (Groundball, 56, EV 85.6 MPH)
Brent Dutcher to third
Batting: RHB Bobby Gray 0-0: Ball
Wild Pitch!
Brent Dutcher scores
1-0: Ball
2-0: Ball
3-0: Called Strike
3-1: Called Strike
3-2: Base on Balls
Batting: LHB Brian Newton 0-0: Fielders Choice at 2nd, U6 (Groundball, 6M, EV 89.4 MPH)
Top of the 1st over - 1 run, 2 hits, 0 errors, 1 left on base; Tennessee 1 - San Jose 0
BOTTOM OF THE 1ST
San Jose Giants batting - Pitching for Tennessee Smokies : RHP Mike Borell
Pitching: RHP Mike Borell
Batting: RHB Tyler Mapes 0-0: Called Strike
0-1: Ball
1-1: Swinging Strike
1-2: Strikes out swinging
Batting: RHB Yutaka Oki 0-0: Ground out 5-3 (Groundball, 56, EV 106.3 MPH)
Batting: LHB Carey Horncole 0-0: Called Strike
0-1: Foul Ball, location: 2F
0-2: SINGLE (Flyball, 4MD, EV 95.6 MPH)
Batting: LHB Fred Arends 0-0: Called Strike
0-1: Called Strike
0-2: Strikes out swinging
Bottom of the 1st over - 0 runs, 1 hit, 0 errors, 1 left on base; Tennessee 1 - San Jose 0
TOP OF THE 2ND
Tennessee Smokies batting - Pitching for San Jose Giants : LHP Chris Morales
Batting: SHB Rich Ranaldi 0-0: Ball
1-0: Foul Ball, location: 2F
1-1: Foul Ball, location: 2F
1-2: SINGLE (Groundball, 56D, EV 96.3 MPH)
Batting: RHB John Iddings 0-0: Called Strike
0-1: Swinging Strike
0-2: Foul Ball, location: 2F
0-2: DOUBLE (Line Drive, 89D, EV 106.9 MPH)
Rich Ranaldi to third
Batting: RHB Sean Espejo 0-0: Foul Ball, location: 2F
0-1: Swinging Strike
0-2: Hit by Pitch
Batting: RHB Vij Ramamani 0-0: Foul Ball, location: 2F
0-1: SINGLE (Groundball, 4M, EV 110.0 MPH) (infield hit)
Rich Ranaldi scores
John Iddings to third
Sean Espejo to second
Batting: LHB Brent Dutcher 0-0: Ball
1-0: Called Strike
1-1: Ball
2-1: Ball
3-1: Foul Ball, location: 2F
3-2: Foul Ball, location: 2F
3-2: Strikes out swinging
Batting: RHB Adam Kelliher 0-0: Ball
1-0: Ball
2-0: Ball
3-0: Called Strike
3-1: Foul Ball, location: 2F
3-2: Foul Ball, location: 2F
3-2: Foul Ball, location: 2F
3-2: Foul Ball, location: 2F
3-2: Foul Ball, location: 2F
3-2: Strikes out swinging
Batting: RHB Heitaro Tanaka 0-0: Foul Ball, location: 2F
0-1: Ball
1-1: Called Strike
1-2: Ball
2-2: Ball
3-2: Base on Balls
John Iddings scores
Sean Espejo to third
Vij Ramamani to second
Batting: RHB Bobby Gray 0-0: Called Strike
0-1: Ball
1-1: Called Strike
1-2: Strikes out swinging
Top of the 2nd over - 2 runs, 3 hits, 0 errors, 3 left on base; Tennessee 3 - San Jose 0
BOTTOM OF THE 2ND
San Jose Giants batting - Pitching for Tennessee Smokies : RHP Mike Borell
Batting: RHB John Shaffer 0-0: Ball
1-0: Called Strike
1-1: Ball
2-1: Foul Ball, location: 2F
2-2: Ground out 4-3 (Groundball, 4, EV 102.5 MPH)
Batting: LHB Tony Galvan 0-0: Called Strike
0-1: Ball
1-1: Swinging Strike
1-2: Strikes out swinging
Batting: RHB Tade Post 0-0: Ball
1-0: Swinging Strike
1-1: Ball
2-1: Ground out 6-3 (Groundball, 6, EV 86.9 MPH)
Bottom of the 2nd over - 0 runs, 0 hits, 0 errors, 0 left on base; Tennessee 3 - San Jose 0
TOP OF THE 3RD
Tennessee Smokies batting - Pitching for San Jose Giants : LHP Chris Morales
Batting: LHB Brian Newton 0-0: Called Strike
0-1: Ball
1-1: Ball
2-1: Fly out, F7 (Line Drive, 7, EV 91.9 MPH)
Batting: SHB Rich Ranaldi 0-0: Ball
1-0: Called Strike
1-1: Ball
2-1: Swinging Strike
2-2: Ball
3-2: Foul Ball, location: 2F
3-2: Foul Ball, location: 2F
3-2: Base on Balls
Batting: RHB John Iddings 0-0: Ball
1-0: Ball
2-0: SINGLE (Line Drive, 4D, EV 102.5 MPH)
Rich Ranaldi to second
Batting: RHB Sean Espejo 0-0: SINGLE (Groundball, 6, EV 97.5 MPH)
Rich Ranaldi to third
John Iddings to second
Runner from 3rd tries for Home, SAFE, throw by LF to home
Batting: RHB Vij Ramamani 0-0: Ball
1-0: Ball
2-0: Called Strike
2-1: Ball
3-1: SINGLE (Line Drive, 34, EV 109.4 MPH)
John Iddings to third
Sean Espejo to second
Batting: LHB Brent Dutcher 0-0: Foul Ball, location: 2F
0-1: Swinging Strike
0-2: Grounds into double play, 4-6-3 (Groundball, 4, EV 106.3 MPH)
Top of the 3rd over - 1 run, 3 hits, 0 errors, 2 left on base; Tennessee 4 - San Jose 0
BOTTOM OF THE 3RD
San Jose Giants batting - Pitching for Tennessee Smokies : RHP Mike Borell
Batting: RHB Josh Lippens 0-0: Called Strike
0-1: SINGLE (Groundball, 4MD, EV 101.3 MPH)
Batting: RHB Doug Kennie 0-0: Ball
1-0: Ball
2-0: Called Strike
2-1: Called Strike
2-2: Foul Ball, location: 2F
2-2: Ball
3-2: Base on Balls
Josh Lippens to second
Batting: RHB Tyler Mapes 0-0: Swinging Strike
0-1: TRIPLE (Flyball, 8LXD, EV 105.6 MPH)
Josh Lippens scores
Doug Kennie scores
Batting: RHB Yutaka Oki 0-0: Ball
1-0: Called Strike
1-1: Ball
2-1: Fly out, F6 (Line Drive, 6, EV 68.1 MPH)
Batting: LHB Carey Horncole 0-0: Ball
1-0: Ball
2-0: Ball
3-0: Called Strike
3-1: TRIPLE (Line Drive, 89XD, EV 108.8 MPH)
Tyler Mapes scores
Batting: LHB Fred Arends 0-0: Ball
1-0: DOUBLE (Line Drive, 78D, EV 111.3 MPH)
Carey Horncole scores
Batting: RHB John Shaffer 0-0: Called Strike
0-1: Ball
1-1: Ground out U3 (Groundball, 3S, EV 69.4 MPH)
Fred Arends to third
Batting: LHB Tony Galvan 0-0: Called Strike
0-1: Foul Ball, location: 2F
0-2: Ball
1-2: Ball
2-2: Ball
3-2: DOUBLE (Line Drive, 78D, EV 107.5 MPH)
Fred Arends scores
Batting: RHB Tade Post 0-0: Called Strike
0-1: Ball
1-1: Fly out, F6 (Popup, 6M, EV 64.4 MPH)
Bottom of the 3rd over - 5 runs, 5 hits, 0 errors, 1 left on base; Tennessee 4 - San Jose 5
TOP OF THE 4TH
Tennessee Smokies batting - Pitching for San Jose Giants : LHP Chris Morales
Batting: RHB Adam Kelliher 0-0: DOUBLE (Line Drive, 9LD, EV 101.3 MPH)
Batting: RHB Heitaro Tanaka 0-0: Swinging Strike
0-1: Foul Ball, location: 2F
0-2: Ball
1-2: Ground out 5-3 (Groundball, 56S, EV 93.1 MPH)
Batting: RHB Bobby Gray 0-0: Ball
1-0: Ball
2-0: Called Strike
2-1: Ground out 5-3 (Groundball, 56S, EV 71.3 MPH)
Adam Kelliher to third
Batting: LHB Brian Newton 0-0: Ball
1-0: Fly out, F7 (Flyball, 7LS, EV 91.9 MPH)
Top of the 4th over - 0 runs, 1 hit, 0 errors, 1 left on base; Tennessee 4 - San Jose 5
BOTTOM OF THE 4TH
San Jose Giants batting - Pitching for Tennessee Smokies : RHP Mike Borell
Batting: RHB Josh Lippens 0-0: Ball
1-0: Called Strike
1-1: Ground out U3 (Groundball, 34, EV 87.5 MPH)
Batting: RHB Doug Kennie 0-0: Ground out 6-3 (Groundball, 56, EV 109.4 MPH)
Batting: RHB Tyler Mapes 0-0: Ball
1-0: Ball
2-0: Called Strike
2-1: Ball
3-1: SINGLE (Groundball, 34D, EV 106.9 MPH)
Batting: RHB Yutaka Oki 0-0: Ball
1-0: Called Strike
1-1: Called Strike
1-2: Fly out, F9 (Flyball, 89S, EV 91.9 MPH)
Bottom of the 4th over - 0 runs, 1 hit, 0 errors, 1 left on base; Tennessee 4 - San Jose 5
TOP OF THE 5TH
Tennessee Smokies batting - Pitching for San Jose Giants : LHP Chris Morales
Batting: SHB Rich Ranaldi 0-0: Ball
1-0: DOUBLE (Line Drive, 89D, EV 110.6 MPH)
Batting: RHB John Iddings 0-0: Ball
1-0: SINGLE (Line Drive, 4M, EV 106.9 MPH)
Rich Ranaldi to third
Runner from 3rd tries for Home, SAFE, throw by CF to home
John Iddings to second
Pitching: RHP Danny Gutierrez
Batting: RHB Sean Espejo 0-0: Ball
1-0: Ball
2-0: Reached on error, E5 (Groundball, 5L, EV 100.0 MPH)
John Iddings to third
Batting: RHB Vij Ramamani 0-0: Called Strike
0-1: Foul Ball, location: 2F
0-2: Ball
1-2: Fielders Choice at 2nd, 4-6 (Groundball, 4, EV 92.5 MPH)
John Iddings scores
Batting: LHB Brent Dutcher Pickoff Throw to First - Error! E1
Vij Ramamani to second
0-0: Foul Ball, location: 2F
0-1: Foul Ball, location: 2F
0-2: Ball
1-2: Strikes out swinging
Batting: RHB Adam Kelliher 0-0: Swinging Strike
0-1: Fly out, F8 (Flyball, 8LD, EV 96.9 MPH)
Top of the 5th over - 2 runs, 2 hits, 2 errors, 1 left on base; Tennessee 6 - San Jose 5
BOTTOM OF THE 5TH
San Jose Giants batting - Pitching for Tennessee Smokies : RHP Mike Borell
Batting: LHB Carey Horncole 0-0: Foul Ball, location: 2F
0-1: Ball
1-1: Foul Ball, location: 2F
1-2: Ball
2-2: Foul Ball, location: 2F
2-2: Ball
3-2: Fly out, F9 (Flyball, 9S, EV 91.3 MPH)
Batting: LHB Fred Arends 0-0: Ball
1-0: Swinging Strike
1-1: Ball
2-1: Called Strike
2-2: Fly out, F1 (Line Drive, P, EV 75.0 MPH)
Batting: RHB John Shaffer 0-0: Ball
1-0: Swinging Strike
1-1: Foul Ball, location: 2F
1-2: SINGLE (Line Drive, 9LS, EV 107.5 MPH)
Pitching: RHP Bob Gilliam
Batting: LHB Tony Galvan 0-0: Called Strike
0-1: Ball
1-1: Swinging Strike
1-2: Strikes out swinging
Bottom of the 5th over - 0 runs, 1 hit, 0 errors, 1 left on base; Tennessee 6 - San Jose 5
TOP OF THE 6TH
Tennessee Smokies batting - Pitching for San Jose Giants : RHP Danny Gutierrez
Batting: RHB Heitaro Tanaka 0-0: Ground out 1-3 (Groundball, 15S, EV 73.1 MPH)
Batting: RHB Bobby Gray 0-0: Foul Ball, location: 2F
0-1: Ball
1-1: Swinging Strike
1-2: Foul Ball, location: 2F
1-2: Ball
2-2: Strikes out swinging
Batting: LHB Brian Newton 0-0: Foul Ball, location: 2F
0-1: Swinging Strike
0-2: Foul Ball, location: 2F
0-2: Strikes out looking
Top of the 6th over - 0 runs, 0 hits, 0 errors, 0 left on base; Tennessee 6 - San Jose 5
BOTTOM OF THE 6TH
San Jose Giants batting - Pitching for Tennessee Smokies : RHP Bob Gilliam
Batting: RHB Tade Post 0-0: Foul Ball, location: 2F
0-1: SINGLE (Flyball, 56D, EV 93.8 MPH)
Batting: RHB Josh Lippens Pickoff Throw to First - Error! E1
Tade Post to second
0-0: Fly out, F7 (Flyball, 78M, EV 78.1 MPH)
Batting: LHB Terry Ebersole 0-0: Ball
Tade Post steals 3rd base
1-0: Ball
2-0: Swinging Strike
2-1: Ball
3-1: Base on Balls
Batting: RHB Tyler Mapes 0-0: Ball
1-0: Ball
2-0: Ball
3-0: Base on Balls
Terry Ebersole to second
Batting: RHB Yutaka Oki 0-0: Called Strike
0-1: DOUBLE (Line Drive, 7LM, EV 95.0 MPH)
Tade Post scores
Terry Ebersole scores
Tyler Mapes to third
Pitching: LHP Nate George
Batting: LHB Carey Horncole 0-0: Ball
1-0: Called Strike
1-1: Ball
2-1: Foul Ball, location: 2F
2-2: Foul Ball, location: 2F
2-2: DOUBLE (Line Drive, 3D, EV 103.1 MPH)
Tyler Mapes scores
Yutaka Oki scores
Batting: LHB Fred Arends 0-0: Ball
1-0: Ball
2-0: Ball
3-0: Base on Balls
Batting: RHB John Shaffer 0-0: Grounds into double play, 5-4-3 (Groundball, 56, EV 88.1 MPH)
Bottom of the 6th over - 4 runs, 3 hits, 1 error, 1 left on base; Tennessee 6 - San Jose 9
TOP OF THE 7TH
Tennessee Smokies batting - Pitching for San Jose Giants : RHP Danny Gutierrez
Pitching: LHP Tommy McCusker
Batting: SHB Rich Ranaldi 0-0: Ball
1-0: Foul Ball, location: 2F
1-1: Foul Ball, location: 2F
1-2: Ball
2-2: Ground out 1-3 (Groundball, 13S, EV 73.8 MPH)
Batting: RHB John Iddings 0-0: Foul Ball, location: 2F
0-1: Ball
1-1: Foul Ball, location: 2F
1-2: Strikes out swinging, 2-3 out at first.
Batting: RHB Sean Espejo 0-0: Ball
1-0: Foul Ball, location: 2F
1-1: Called Strike
1-2: Ball
2-2: Ball
3-2: Foul Ball, location: 2F
3-2: Foul Ball, location: 2F
3-2: Strikes out swinging, 2-3 out at first.
Top of the 7th over - 0 runs, 0 hits, 0 errors, 0 left on base; Tennessee 6 - San Jose 9
BOTTOM OF THE 7TH
San Jose Giants batting - Pitching for Tennessee Smokies : LHP Nate George
Batting: LHB Tony Galvan 0-0: Called Strike
0-1: Ball
1-1: Ball
2-1: Ball
3-1: SOLO HOME RUN (Flyball, 9D, EV 98.1 MPH), Distance : 384 ft
Batting: RHB Tade Post 0-0: Ball
1-0: Ball
2-0: Ball
3-0: Base on Balls
Batting: RHB Josh Lippens 0-0: Ball
1-0: Called Strike
1-1: Ball
2-1: Ball
3-1: Base on Balls
Tade Post to second
Batting: LHB Terry Ebersole 0-0: Ball
Josh Lippens steals 2nd base
Tade Post steals 3rd base
1-0: Ball
2-0: Called Strike
2-1: Ball
3-1: DOUBLE (Line Drive, 3D, EV 98.1 MPH)
Tade Post scores
Josh Lippens scores
Batting: RHB Tyler Mapes 0-0: Ball
1-0: Foul Ball, location: 2F
1-1: Foul Ball, location: 2F
1-2: Foul Ball, location: 2F
1-2: Ground out 4-3 (Groundball, 4, EV 96.9 MPH)
Terry Ebersole to third
Batting: RHB Yutaka Oki 0-0: Ball
1-0: Fly out, F9 (Flyball, 89M, EV 92.5 MPH)
Runner from 3rd tags up, SCORES, throw by RF
Batting: LHB Carey Horncole 0-0: Swinging Strike
0-1: Ball
1-1: Foul Ball, location: 2F
1-2: Foul Ball, location: 2F
1-2: Foul Ball, location: 2F
1-2: Ball
2-2: Foul Ball, location: 2F
2-2: Strikes out swinging
Bottom of the 7th over - 4 runs, 2 hits, 0 errors, 0 left on base; Tennessee 6 - San Jose 13
TOP OF THE 8TH
Tennessee Smokies batting - Pitching for San Jose Giants : LHP Tommy McCusker
Batting: RHB Vij Ramamani 0-0: Ball
1-0: Called Strike
1-1: Foul Ball, location: 2F
1-2: Ball
2-2: Ball
3-2: SINGLE (Groundball, 4S, EV 68.1 MPH) (infield hit)
Batting: LHB Brent Dutcher 0-0: Ball
1-0: Foul Ball, location: 2F
1-1: Ball
2-1: Foul Ball, location: 2F
2-2: Strikes out swinging
Pitching: RHP Rich Benoit
Batting: RHB Adam Kelliher 0-0: Swinging Strike
0-1: Foul Ball, location: 2F
0-2: Ball
1-2: Strikes out swinging
Batting: RHB Heitaro Tanaka 0-0: Called Strike
0-1: Ball
1-1: Ball
2-1: Swinging Strike
2-2: Ground out 4-3 (Groundball, 4, EV 85.6 MPH)
Top of the 8th over - 0 runs, 1 hit, 0 errors, 1 left on base; Tennessee 6 - San Jose 13
BOTTOM OF THE 8TH
San Jose Giants batting - Pitching for Tennessee Smokies : LHP Nate George
Batting: LHB Fred Arends 0-0: Called Strike
0-1: Called Strike
0-2: Ball
1-2: Ball
2-2: SINGLE (Groundball, 34S, EV 63.1 MPH) (infield hit)
Batting: RHB John Shaffer 0-0: Called Strike
0-1: Ball
1-1: Called Strike
1-2: Foul Ball, location: 2F
1-2: SINGLE (Line Drive, 89S, EV 91.3 MPH)
Fred Arends to second
Batting: LHB Tony Galvan 0-0: Called Strike
0-1: Foul Ball, location: 2F
0-2: Fly out, F6 (Line Drive, 6, EV 63.1 MPH)
Lined into DP, 6-4 (Line Drive, 6, EV 67.5 MPH)
Batting: RHB Tade Post 0-0: Ball
1-0: Foul Ball, location: 2F
1-1: Ball
2-1: Foul Ball, location: 2F
2-2: Ball
3-2: Foul Ball, location: 2F
3-2: 2-RUN HOME RUN (Flyball, 78XD, EV 104.4 MPH), Distance : 397 ft
Pitching: RHP Rashid bin Ala'
Batting: RHB Josh Lippens 0-0: Ball
1-0: Called Strike
1-1: Ball
2-1: Ball
3-1: Swinging Strike
3-2: SINGLE (Line Drive, 89S, EV 112.5 MPH)
Batting: LHB Terry Ebersole 0-0: Called Strike
0-1: Called Strike
0-2: Ball
1-2: DOUBLE (Line Drive, 89D, EV 108.8 MPH)
Josh Lippens to third
Runner from 3rd tries for Home, SAFE, no throw by CF
Batting: RHB Tyler Mapes 0-0: Foul Ball, location: 2F
0-1: SINGLE (Groundball, 5S, EV 72.5 MPH) (infield hit)
Terry Ebersole to third
Batting: RHB Yutaka Oki 0-0: Called Strike
0-1: Ball
1-1: Ball
2-1: Fielders Choice at 2nd, 6-4 (Groundball, 6, EV 81.3 MPH)
Bottom of the 8th over - 3 runs, 6 hits, 0 errors, 2 left on base; Tennessee 6 - San Jose 16
TOP OF THE 9TH
Tennessee Smokies batting - Pitching for San Jose Giants : RHP Rich Benoit
Batting: RHB Bobby Gray 0-0: Called Strike
0-1: Fly out, F8 (Flyball, 8RS, EV 95.6 MPH)
Batting: LHB Brian Newton 0-0: Swinging Strike
0-1: Called Strike
0-2: Strikes out swinging
Batting: SHB Rich Ranaldi 0-0: Called Strike
0-1: Ball
1-1: Called Strike
1-2: Ground out U3 (Groundball, 3L, EV 83.1 MPH)
Top of the 9th over - 0 runs, 0 hits, 0 errors, 0 left on base; Tennessee 6 - San Jose 16
Thursday, March 31st , 2022 - OOTP Baseball 22.12 Build 89